 Dungeon Crawl Stone Soup version 0.29.1-13-g9f3cf754e1 (webtiles) character file.

Game seed: 17941852371019549653

40935 MisterFreud the Spry (level 13, -2/100 HPs)
             Began as a Felid Berserker on Feb 1, 2023.
             Was a High Priest of Trog.
             Slain by a purple ugly thing (8 damage)
             ... on level 14 of the Dungeon.
             The game lasted 00:31:39 (21259 turns).

MisterFreud the Spry (Felid Berserker)             Turns: 21259, Time: 00:31:40

Health: -2/100     AC:  3    Str: 19    XL:     13   Next: 77%
Magic:  14/14      EV: 36    Int:  9    God:    Trog [*****.]
Gold:   1598       SH:  5    Dex: 23    Spells: 12/12 levels left
                                        Lives:  0   Deaths: 4

rFire   . . .      SeeInvis +     - Unarmed
rCold   + . .      Faith    .   (shield unavailable)
rNeg    . . .      Spirit   .   (body armour unavailable)
rPois   .          Reflect  +   (helmet unavailable)
rElec   +          Harm     .   (cloak unavailable)
rCorr   +          Rampage  .   (gloves unavailable)
Will    +....                   (boots unavailable)
Stlth   ..........              b - amulet of Linearity {Reflect *Slow rElec Regen+ Dex+3 SH+5}
HPRegen 1.06/turn               C - ring "Fudep" {+Blink rCorr}
MPRegen 0.14/turn               p - +6 ring of strength

@: berserking (expiring), slowed, quick
A: very small, claws 1, fangs 3, see invisible, speed 1, shaggy fur 3, stealthy
paws, no weapons or thrown items, no armour, multi-lived
a: Renounce Religion, Evoke Blink, Berserk, Trog's Hand, Brothers in Arms


You were on level 14 of the Dungeon.
You worshipped Trog.
Trog was extremely pleased with you.
You visited 3 branches of the dungeon, and saw 21 of its levels.

You collected 1598 gold pieces.

Inventory:

Jewellery
 b - the amulet of Linearity (around neck) {Reflect *Slow rElec Regen+ Dex+3 SH+5}
   (You acquired it on level 7 of the Dungeon)

   [amulet of reflection]

   It reflects blocked missile attacks.
   Dex:       It affects your dexterity (+3).
   rElec:     It insulates you from electricity.
   Regen:     It increases your rate of health regeneration.
   *Slow:     It may slow you when you take damage.
   SH:        It affects your SH (+5).
 k - a ring of protection from fire
 o - a ring of ice
 p - a +6 ring of strength (right paw)
 q - a ring of flight
 u - a ring of magical power
 A - a ring of positive energy
 C - the ring "Fudep" (left paw) {+Blink rCorr}
   (You found it on level 5 of the Lair of Beasts)

   [ring of resist corrosion]

   +Blink:    It lets you blink.
   rCorr:     It protects you from acid and corrosion.
Wands
 d - a wand of flame (21)
 e - a wand of iceblast (5)
 s - a wand of acid (11)
 x - a wand of digging (6)
 y - a wand of mindburst (31)
 E - a wand of charming (3)
Scrolls
 g - 6 scrolls of teleportation
 i - a scroll of fear
 D - a scroll of magic mapping
 G - 3 scrolls of fog
 H - 5 scrolls of identify
 I - a scroll of blinking
 J - a scroll of amnesia {unknown}
Potions
 a - 12 potions of curing
 c - 2 potions of might
 f - 3 potions of heal wounds
 h - a potion of magic
 j - 5 potions of haste
 l - 3 potions of mutation
 m - 3 potions of ambrosia
 n - 3 potions of flight
 r - a potion of lignification {unknown}
 t - 7 potions of attraction
 v - 2 potions of invisibility
 w - a potion of cancellation
 z - a potion of berserk rage {unknown}
 F - a potion of resistance
Miscellaneous
 B - a box of beasts


   Skills:
 + Level 14.1 Fighting
 - Level 18.0 Dodging
 - Level 15.0 Stealth
 - Level 15.0 Unarmed Combat
 - Level 10.0 Evocations


You had 12 spell levels left.
You didn't know any spells.
Your spell library was empty.

Dungeon Overview and Level Annotations

Branches:
Dungeon (15/15)            Temple (0/1) D:5            Lair (5/5) D:9
 Shoals (0/4) Lair:2        Snake (0/4) Lair:2        Slime (0/5) Lair:4
    Orc (1/2) D:9          Vaults (0/5) D:13
 Depths: D:15

Altars:
Dithmenos
Elyvilon
Fedhas
Gozag
Nemelex Xobeh
Okawaru
Qazlal
Sif Muna
Wu Jian
Jiyva

Annotations:
D:14 3 runed translucent doors, Plog's ghost, journeyman MiBe


Innate Abilities, Weirdness & Mutations

You have sharp claws.
You have razor-sharp teeth.
You have supernaturally acute eyesight. (SInv)
You cover ground quickly. (Speed+)
Your thick and shaggy fur keeps you warm. (AC +3, rC+)
Your paws help you pounce on unaware monsters.
You are incapable of wielding weapons or throwing items.
You cannot wear armour.
You gain extra lives every three experience levels.


Message History

The tengu warrior is lightly wounded.
The purple ugly thing completely misses you.
The tengu warrior hits you with a +2 vampiric war axe!
You feel yourself slow down.
The tengu warrior pecks you but does no damage.
The tengu warrior claws you!
A red film seems to cover your vision as you go berserk!
You feel yourself moving faster!
You feel mighty!
You block the purple ugly thing's attack.
The tengu warrior hits you with a +2 vampiric war axe!
The tengu warrior pecks you but does no damage.
The tengu warrior misses you.
The purple ugly thing completely misses you.
You mangle the tengu warrior!!
The tengu warrior is heavily wounded.
The tengu warrior misses you. The tengu warrior closely misses you.
The tengu warrior completely misses you.
You mangle the tengu warrior!!
The tengu warrior is severely wounded.
The purple ugly thing misses you.
The tengu warrior completely misses you. x3
The tengu warrior blocks your attack.
You bite the tengu warrior.
The tengu warrior is almost dead.
The purple ugly thing completely misses you.
The tengu warrior blocks your attack.
The tengu warrior is almost dead.
You block the tengu warrior's attack.
The tengu warrior completely misses you. x2
You claw the tengu warrior! Your claw misses the tengu warrior.
The tengu warrior is almost dead.
The purple ugly thing kicks you!
* * * LOW HITPOINT WARNING * * *
The tengu warrior hits you with a +2 vampiric war axe!!
* * * LOW HITPOINT WARNING * * *
The tengu warrior closely misses you. You block the tengu warrior's attack.
You mangle the tengu warrior!!
You kill the tengu warrior!
Trog accepts your kill. The purple ugly thing kicks you!
You die...

##### ##...# #....# #....#
############ #.#.##
#........... #####.#.#
####.########.#
......#.###########........#
#...
#######..[.....u@).........#
#.P.
###############.##.###.#
#... #>...........##.##.#
#.# ##.#
#.##########.(..##.# #.# #.#
#.###### #######.##### ##.#
#.##...# ###.#...###...
#....#.# #....)P....._.
####...# #.###...###...
##.## #.# ##### ##.#


You could see a purple ugly thing.

Vanquished Creatures
  Rupert (Lair:3)
  Gastronok (Lair:3)
  A tengu reaver (D:13)
  Nessos (D:12)
  Josephine (D:11)
  A fire dragon (Lair:5)
  A great orb of eyes (D:13)
  8 hydras
  2 boulder beetles
  Erica (Lair:1)
  4 centaur warriors
  An ogre mage (D:13)
  8 two-headed ogres
  2 death yaks (D:9)
  A tengu warrior (D:14)
  A deep elf knight (D:13)
  Sonja (Lair:5)
  2 skeletal warriors (D:13)
  3 lindwurms (Lair:5)
  3 orc knights (D:13)
  2 deep elf pyromancers (D:13)
  3 ugly things
  2 deep elf zephyrmancers (D:13)
  5 cyclopes
  30 elephants
  Maurice (D:9)
  Joseph (Lair:1)
  4 manticores
  A guardian serpent (shapeshifter) (D:13)
  11 black mambas
  3 merfolk sirens (Lair:2)
  A gargoyle (D:12)
  An unseen horror (D:11)
  2 molten gargoyles (Lair:5)
  A torpor snail (Lair:5)
  Maggie (D:6)
  16 cane toads
  9 komodo dragons
  A tengu conjurer (D:14)
  A burning bush (Lair:3)
  A merfolk (Lair:2)
  3 polar bears
  2 hornets
  14 slime creatures
  Prince Ribbit (D:9)
  18 blink frogs
  A jumping spider (shapeshifter) (D:13)
  2 shadows
  4 wyverns
  5 basilisks
  A water elemental (D:12)
  4 wraiths
  A vampire (D:14)
  41 yaks
  2 steam dragons (Lair:5)
  Eustachio (D:4)
  4 vampire mosquitoes
  A warg (D:13)
  Edmund (D:4)
  14 water moccasins
  4 hell hounds (Lair:5)
  2 acid dragons
  A sky beast (D:7)
  An ice beast (D:8)
  4 ogres
  13 orc warriors
  7 boggarts
  5 wolves
  10 centaurs
  2 phantoms
  3 kobold brigands
  10 bullfrogs
  2 gnoll sergeants
  A necrophage (D:6)
  4 wights (D:9)
  2 scorpions
  16 killer bees
  4 howler monkeys
  5 electric eels
  5 lava snakes (Lair:5)
  A jelly (D:5)
  3 hounds
  11 orc priests
  Crazy Yiuf (D:4)
  3 iguanas
  10 orc wizards
  Robin (D:3)
  6 gnolls
  12 adders
  A river rat (D:9)
  A shadow imp (D:6)
  3 worms
  3 dart slugs
  63 orcs
  5 ball pythons
  9 bats
  8 endoplasms
  A giant cockroach (D:2)
  11 goblins
  4 hobgoblins
  7 jackals
  2 quokkas
  4 frilled lizards
  15 kobolds
  2 rats
549 creatures vanquished.

Vanquished Creatures (collateral kills)
  A rakshasa (D:14)
  A catoblepas (D:14)
  A deep elf pyromancer (D:13)
  A kobold brigand (D:13)
4 creatures vanquished.

Vanquished Creatures (others)
  An unseen horror (D:13)
  A kobold (D:13)
  23 fungi
  33 plants
58 creatures vanquished.

Grand Total: 611 creatures vanquished

Notes
Turn   | Place    | Note
-------+----------+-------------------------------------------
     0 | D:1      | MisterFreud the Felid Berserker began the quest for the
                  | Orb.
     0 | D:1      | Reached XP level 1. HP: 10/10 MP: 2/2
    48 | D:1      | Reached skill level 1 in Stealth
   158 | D:1      | Reached XP level 2. HP: 14/14 MP: 3/3
   745 | D:2      | Reached XP level 3. HP: 17/17 MP: 4/4
   836 | D:2      | Reached ** piety under Trog
  1563 | D:2      | Reached XP level 4. HP: 18/21 MP: 5/5
  2214 | D:3      | Noticed Robin
  2216 | D:3      | Found an ornate altar of the Wu Jian Council.
  2216 | D:3      | Found a stormy altar of Qazlal.
  2242 | D:3      | Killed Robin
  3101 | D:3      | Reached XP level 5. HP: 15/24 MP: 6/6
  3698 | D:4      | Noticed Edmund
  3706 | D:4      | Killed Edmund
  3707 | D:4      | Reached skill level 5 in Stealth
  3707 | D:4      | Reached skill level 5 in Unarmed Combat
  3707 | D:4      | Gained mutation: You are covered in thick fur. (AC +2)
                  | [Felid growth]
  3707 | D:4      | Reached XP level 6. HP: 20/28 MP: 7/7
  3813 | D:4      | Noticed Eustachio
  3835 | D:4      | Killed Eustachio
  4272 | D:4      | Found a runed translucent door.
  4272 | D:4      | Found the +6 shillelagh "Devastator" {shatter}
  4273 | D:4      | Noticed Crazy Yiuf
  4716 | D:4      | Killed Crazy Yiuf
  4717 | D:4      | Reached skill level 5 in Dodging
  4939 | D:5      | Entered Level 5 of the Dungeon
  5048 | D:5      | Found a staircase to the Ecumenical Temple.
  5067 | D:5      | Reached XP level 7. HP: 31/31 MP: 8/8
  5106 | D:5      | Reached skill level 6 in Dodging
  5326 | D:5      | Found a shimmering blue altar of Sif Muna.
  5447 | D:5      | Reached skill level 7 in Dodging
  6264 | D:5      | Slain by a scorpion
  6265 | D:5      | Reached XP level 6. HP: -2/42 MP: 7/7
  6322 | D:5      | Reached skill level 8 in Dodging
  6582 | D:5      | Reached XP level 7. HP: 30/31 MP: 8/8
  6730 | D:5      | Reached skill level 9 in Dodging
  7186 | D:6      | Found a blossoming altar of Fedhas.
  7245 | D:6      | Noticed Maggie
  7262 | D:6      | Killed Maggie
  7263 | D:6      | Reached skill level 10 in Dodging
  7637 | D:6      | Reached XP level 8. HP: 22/36 MP: 9/9
  7846 | D:6      | Reached skill level 5 in Fighting
  8508 | D:7      | Identified a scroll of acquirement
  8508 | D:7      | Acquired the amulet of Linearity {Reflect *Slow rElec
                  | Regen+ Dex+3 SH+5}
  8517 | D:7      | Found an iron altar of Okawaru.
  8816 | D:7      | Reached XP level 9. HP: 24/41 MP: 10/10
  8823 | D:7      | Reached skill level 11 in Dodging
  9070 | D:8      | Noticed a six-headed hydra
  9074 | D:8      | Killed a six-headed hydra
  9387 | D:8      | Reached skill level 12 in Dodging
  9548 | D:8      | Reached skill level 10 in Stealth
  9563 | D:8      | Reached *** piety under Trog
  9699 | D:8      | Reached XP level 10. HP: 45/45 MP: 11/11
  9902 | D:9      | Found a staircase to the Lair.
  9902 | D:9      | Noticed a death yak
  9903 | D:9      | Noticed a death yak
  9908 | D:9      | Noticed Maurice
  9922 | D:9      | Noticed a death yak
  9936 | D:9      | Killed a death yak
  9939 | D:9      | Killed Maurice
  9940 | D:9      | Reached skill level 10 in Unarmed Combat
  9942 | D:9      | Slain by a death yak
  9943 | D:9      | Reached XP level 9. HP: -2/61 MP: 10/10
  9977 | D:9      | Killed a death yak
  9978 | D:9      | Reached skill level 13 in Dodging
 10039 | D:9      | Noticed Prince Ribbit
 10043 | D:9      | Killed Prince Ribbit
 10279 | D:9      | Reached skill level 14 in Dodging
 10458 | D:9      | Reached skill level 1 in Evocations
 10458 | D:9      | Reached XP level 10. HP: 45/45 MP: 11/11
 10464 | D:9      | Noticed a two-headed ogre
 10468 | D:9      | Found a staircase to the Orcish Mines.
 10492 | D:9      | Killed a two-headed ogre
 10708 | Orc:1    | Entered Level 1 of the Orcish Mines
 10741 | D:10     | Entered Level 10 of the Dungeon
 10829 | Lair:1   | Entered Level 1 of the Lair of Beasts
 10829 | Lair:1   | Noticed a cane toad
 10832 | Lair:1   | Noticed Joseph
 10838 | Lair:1   | Killed a cane toad
 10847 | Lair:1   | Killed Joseph
 11043 | Lair:1   | Noticed a black mamba
 11054 | Lair:1   | Killed a black mamba
 11111 | Lair:1   | Noticed a cane toad
 11111 | Lair:1   | Noticed a cane toad
 11129 | Lair:1   | Killed a cane toad
 11133 | Lair:1   | Killed a cane toad
 11233 | Lair:1   | Reached **** piety under Trog
 11273 | Lair:1   | Noticed Erica
 11282 | Lair:1   | Reached skill level 5 in Evocations
 11291 | Lair:1   | Killed Erica
 11307 | Lair:1   | Reached XP level 11. HP: 24/51 MP: 12/12
 11863 | Lair:2   | Found a staircase to the Shoals.
 11977 | Lair:2   | Found a staircase to the Snake Pit.
 12095 | Lair:2   | Reached skill level 10 in Fighting
 12396 | Lair:2   | Reached skill level 10 in Evocations
 12441 | Lair:2   | Gained mutation: Your thick and shaggy fur keeps you warm.
                  | (AC +3, rC+) [Felid growth]
 12441 | Lair:2   | Reached XP level 12. HP: 58/58 MP: 13/13
 12526 | Lair:2   | Noticed a six-headed hydra
 12533 | Lair:2   | Killed a six-headed hydra
 13156 | Lair:3   | Noticed Rupert
 13293 | Lair:3   | Killed Rupert
 13538 | Lair:3   | Noticed Gastronok
 13553 | Lair:3   | Killed Gastronok
 13995 | Lair:3   | Reached XP level 13. HP: 37/61 MP: 14/14
 15237 | Lair:4   | Found a viscous altar of Jiyva.
 15237 | Lair:4   | Found a staircase to the Slime Pits.
 15491 | Lair:5   | Entered Level 5 of the Lair of Beasts
 15599 | Lair:5   | Reached ***** piety under Trog
 16001 | Lair:5   | Reached skill level 15 in Stealth
 16011 | Lair:5   | Reached skill level 15 in Unarmed Combat
 16583 | Lair:5   | Reached XP level 14. HP: 64/66 MP: 15/15
 16688 | Lair:5   | Found a large runed translucent door.
 16756 | Lair:5   | Noticed Sonja
 16780 | Lair:5   | Killed Sonja
 16781 | Lair:5   | Reached skill level 15 in Dodging
 16783 | Lair:5   | HP: 4/99 [poisoned by a black mamba]
 16824 | Lair:5   | Found a large runed translucent door.
 17037 | Lair:5   | Identified the ring "Fudep" {+Blink rCorr}
 17450 | D:10     | Found a shadowy altar of Dithmenos.
 17450 | D:10     | Found a sparkling altar of Nemelex Xobeh.
 18091 | D:11     | Noticed Josephine
 18106 | D:11     | Killed Josephine
 18501 | D:12     | HP: 4/102 [eight-headed hydra (15)]
 18503 | D:12     | Mangled by an eight-headed hydra
 18504 | D:12     | Reached XP level 13. HP: -8/96 MP: 14/14
 18526 | D:12     | Reached skill level 16 in Dodging
 18816 | D:12     | Noticed Nessos
 18819 | D:12     | Killed Nessos
 19068 | D:13     | Found a gate to the Vaults.
 19175 | D:13     | Reached skill level 17 in Dodging
 19244 | D:13     | Reached XP level 14. HP: 35/69 MP: 15/15
 19298 | D:13     | HP: 4/103 [great orb of eyes (12)]
 19375 | D:13     | Noticed a tengu reaver
 19392 | D:13     | Demolished by a tengu reaver
 19393 | D:13     | Reached XP level 13. HP: -16/93 MP: 14/14
 20069 | D:13     | Killed a tengu reaver
 20200 | D:14     | Found a white marble altar of Elyvilon.
 20635 | D:14     | Reached skill level 18 in Dodging
 20678 | D:14     | Found a runed translucent gate.
 20693 | D:14     | Found a runed translucent gate.
 20693 | D:14     | Found a runed translucent gate.
 20693 | D:14     | Found an opulent altar of Gozag.
 20696 | D:14     | Noticed Plog's ghost (journeyman MiBe)
 21209 | D:15     | Entered Level 15 of the Dungeon
 21258 | D:14     | HP: 5/100 [tengu warrior/+2 vampiric war axe (20)]
 21259 | D:14     | Slain by a purple ugly thing

Illustrated notes

Levels and vault maps discovered:
D:1:      psy_arrival_spokes, layout_basic
D:2:      layout_basic, st_stairs_11
D:3:      minmay_spotlight, layout_loops_corners, grunt_temple_overflow_open,
          kennysheep_generic_room_13, uniq_robin
D:4:      layout_loops_ring, uniq_eustachio, uniq_crazy_yiuf_cottage,
          uniq_edmund
D:5:      layout_basic, amcnicky_altar_gilded, temple_fountains,
          cheibrodos_sewer_entry_bend
D:6:      layout_basic, overflow_temple_1_default, serial_aquarium,
          aquarium_bridge_square [aquarium_subvault_bridge,
          aquarium_subvault_bridge, aquarium_subvault_bridge,
          aquarium_subvault_window], aquarium_window_corner, aquarium_window_1,
          aquarium_window_1, aquarium_view_2f, aquarium_pool_S, uniq_maggie
D:7:      layout_rooms, mainiacjoe_overflow_chevrons
D:8:      layout_cave_pools
D:9:      layout_loops_cross, dpeg_lair_monsters, hiddenorc2_lemuel,
          uniq_prince_ribbit1, uniq_maurice
D:10:     layout_roguey, chequers_temple_overflow_statue_of_worship
D:11:     layout_roguey, uniq_josephine
D:12:     layout_basic, uniq_nessos
D:13:     minmay_containers, layout_rooms,
          hangedman_vaults_entry_quadrant_bands, special_room [special_room_orc]
D:14:     layout_loops_ring, ebering_ghost_gozag, elyvilon_altar_1,
          corexii_corridor_pit
D:15:     hangedman_depths_entry_try_elsewhere_first, layout_cave_pools,
          amcnicky_mini_rare_corridor_liquid
Lair:1:   layout_regular_city, minmay_hedge_maze, nicolae_quartered_pool_super,
          dreamdust_mushroom_princess, uniq_erica, uniq_joseph
Lair:2:   layout_misc_corridors, elwin_shoals_entry_stream,
          minmay_snake_entry_six_corridors
Lair:3:   layout_hall_layers, evilmike_ambush [evilmike_ambush_outer_pillars,
          evilmike_ambush_inner_basic], grunt_megastairs_2, uniq_gastronok,
          uniq_rupert
Lair:4:   layout_regular_city, dpeg_slime_entry_enclosed, serial_forest,
          infiniplex_forest_clump_medium, infiniplex_forest_lined_3,
          infiniplex_forest_lined_4_way, infiniplex_forest_lined_2,
          st_stairs_11, beast_lair_carwin_5
Lair:5:   cheibrodos_lair_end_hotspot, layout_concentric_octagons, uniq_sonja
Orc:1:    layout_caves

Skill      XL: |  1  2  3  4  5  6  7  8  9 10 11 12 13 14 |
---------------+-------------------------------------------+-----
Stealth        | 1 2 3 4 5 6 7 10 13 15 | 15.0
Unarmed Combat | 4 5 6 8 10 12 15 | 15.0
Dodging        | 8 10 14 18 15 | 18.0
Fighting       | 4 6 8 10 14 11 | 14.1
Evocations     | 1 5 10 | 10.0

Action                   |  1- 3 |  4- 6 |  7- 9 | 10-12 | 13-15 || total
-------------------------+-------+-------+-------+-------+-------++-------
Melee: Unarmed           |    91 |   184 |   364 |   675 |   963 ||  2277
       Bite              |     6 |    13 |    45 |   106 |   179 ||   349
       Punch             |     2 |     5 |    11 |    59 |    97 ||   174
Invok: Berserk           |       |     4 |     6 |    11 |    22 ||    43
       Trog's Hand       |       |     1 |     3 |    12 |     5 ||    21
       Brothers in Arms  |       |       |       |     1 |     2 ||     3
Evoke: Wand              |       |       |       |     2 |     7 ||     9
       Box of beasts     |       |       |       |       |     1 ||     1
  Use: Scroll            |     1 |     9 |     6 |     9 |     6 ||    31
       Potion            |       |       |       |     2 |     1 ||     3
 Stab: Sleeping          |     8 |     8 |    10 |    13 |    25 ||    64
       Distracted        |       |       |     1 |     2 |     7 ||    10
       Petrifying        |       |       |       |       |     1 ||     1
Armor: Skin              |     9 |     3 |     8 |    22 |    36 ||    78
Dodge: Dodged            |    80 |   130 |   350 |   539 |  1076 ||  2175
Block: Other             |       |       |    49 |   133 |   212 ||   394
       Reflection        |       |       |       |     4 |     6 ||    10
